Map: [ESL] Hecate

Players

SHIN - Winner!

  • Race: Zerg Zerg
  • Spawn Location: 1:00

Dark

  • Race: Zerg Zerg
  • Spawn Location: 7:00

Event: IEM Katowice 2024

VOD

Have the link to the VOD?

Description

Time

  • Played on: Feb. 11, 2024, 6:48 a.m.
  • Length: 8:01

All games in this series

Show
View Real Time Build Order
Export as new Build Order

SHIN Zerg - Winner!

Build Orders: Hatch First 

Get SALT Encoding   

  12  0:00  Drone  
  13  0:08  Drone  
  13  0:14  Extractor, Drone  
  15  0:36  Hatchery  
  15  0:40  Extractor  
  15  0:41  Drone  
  15  0:47  Overlord  
  15  1:02  Spawning Pool  
  14  1:06  Drone  
  14  1:09  Drone  
  16  1:12  Drone  
  16  1:17  Drone  
  18  1:27  Extractor, Drone  
  18  1:38  Drone  
  19  1:48  Queen x2  
  19  1:49  Drone  
  19  1:50  Drone  
  25  2:00  Overlord  
  25  2:01  Drone  
  26  2:10  Drone  
  26  2:11  Drone  
  28  2:23  Drone  
  28  2:24  Queen x2  
  28  2:26  Drone  
  34  2:34  Overlord  
  34  2:35  Drone  
  35  2:42  Drone  
  36  2:50  Overlord  
  36  2:52  Drone  
  36  2:53  Drone  
  36  2:56  Drone x4  
  36  2:57  Drone  
  43  2:59  Drone  
  43  3:05  Lair  
  44  3:10  Drone x2  
  46  3:14  Evolution Chamber  
  46  3:16  Drone  
  46  3:17  Drone  
  47  3:22  Roach Warren  
  47  3:25  Extractor  
  47  3:27  Drone  
  46  3:28  Extractor  
  46  3:29  Extractor  
  46  3:31  Drone x3  
  47  3:35  Drone x2  
  47  3:36  Drone  
  47  3:40  Zerg Melee Weapons Level 1  
  50  3:42  Overlord  
  50  3:45  Drone  
  50  3:46  Drone  
  52  3:52  Overlord  
  52  4:03  Spire  
  52  4:05  Drone x2  
  52  4:09  Overlord  
  53  4:10  Metabolic Boost  
  53  4:15  Overseer  
  53  4:19  Hatchery  
  52  4:25  Zergling x8  
  56  4:33  Zergling x6  
  59  4:39  Overlord  
  59  4:41  Overlord  
  59  4:43  Zergling x8  
  63  4:49  Overlord  
  63  4:51  Zergling x2  
  64  4:56  Overlord  
  64  5:14  Mutalisk x3  
  64  5:16  Mutalisk x3  
  64  5:19  Mutalisk  
  78  5:23  Zergling x8  
  82  5:28  Zerg Flyer Weapons Level 1  
  82  5:33  Zergling x6  
  85  5:45  Mutalisk  
  85  5:47  Zergling x12  
  93  5:52  Zergling x6  
  93  5:56  Drone  
  97  5:59  Drone  
  98  6:06  Zergling x4, Spine Crawler  
  98  6:07  Spine Crawler x2  
  98  6:08  Spine Crawler  
  89  6:18  Mutalisk x3  
  89  6:19  Zergling x2  
  89  6:21  Zergling x2  
  89  6:25  Mutalisk  
  88  6:28  Mutalisk  
  88  6:31  Zergling x2  
  79  6:33  Zergling x4  
  79  6:38  Zergling x4  
  76  6:40  Zergling x2  
  76  6:44  Mutalisk  
  77  6:49  Zergling x2  
  77  6:50  Zergling x2  
  77  6:53  Zergling x2  
  77  6:56  Zergling x2  
  75  7:01  Zergling x4  
  75  7:05  Zergling x2  
  75  7:07  Zergling x2  
  69  7:09  Zergling x2  
  69  7:13  Drone  
  68  7:16  Drone  
  68  7:18  Drone  
  68  7:22  Drone  
  69  7:23  Drone  
  69  7:26  Drone  
  69  7:27  Drone  
  71  7:35  Mutalisk  
  69  7:42  Zergling x2  
Show
View Real Time Build Order
Export as new Build Order

Dark Zerg 

Build Orders: Hatch First, Roach Nydus 

Get SALT Encoding   

  12  0:00  Drone  
  13  0:07  Drone  
  14  0:15  Extractor, Drone  
  15  0:37  Hatchery  
  15  0:42  Extractor, Drone  
  14  0:48  Overlord  
  15  1:02  Spawning Pool  
  14  1:06  Drone  
  14  1:09  Drone  
  16  1:13  Drone  
  16  1:17  Drone  
  18  1:27  Extractor  
  18  1:29  Drone  
  18  1:39  Drone  
  19  1:49  Queen x2  
  19  1:50  Drone  
  19  1:53  Drone  
  25  2:02  Overlord  
  25  2:04  Drone  
  26  2:13  Drone  
  26  2:14  Drone  
  28  2:25  Queen x2  
  32  2:30  Drone  
  32  2:31  Overlord  
  32  2:36  Drone  
  34  2:44  Drone  
  34  2:47  Drone  
  36  2:56  Overlord  
  36  2:57  Drone x6  
  42  3:04  Drone x2  
  44  3:09  Lair  
  44  3:13  Evolution Chamber  
  44  3:15  Drone  
  44  3:20  Roach Warren  
  44  3:22  Drone  
  44  3:26  Drone x2  
  46  3:30  Drone x2  
  48  3:34  Extractor, Drone  
  48  3:35  Drone x2  
  48  3:36  Extractor  
  48  3:38  Drone x2  
  51  3:42  Zerg Missile Weapons Level 1  
  51  3:45  Overlord  
  51  3:47  Drone  
  52  3:51  Extractor  
  52  3:55  Drone  
  52  4:06  Overseer  
  52  4:07  Hatchery  
  52  4:08  Drone  
  52  4:09  Glial Reconstitution  
  52  4:10  Roach  
  52  4:12  Roach  
  52  4:15  Overlord  
  52  4:16  Overlord  
  56  4:19  Drone x2  
  58  4:26  Drone x2  
  60  4:41  Overlord  
  60  4:43  Overlord  
  60  4:46  Overlord  
  60  4:49  Roach x2  
  60  4:50  Roach  
  60  4:51  Roach x2  
  70  4:55  Roach x2  
  70  4:59  Queen x2  
  78  5:01  Roach x2  
  82  5:09  Nydus Network  
  82  5:10  Roach  
  82  5:11  Roach  
  85  5:19  Queen  
  85  5:20  Roach x2  
  91  5:23  Roach  
  91  5:27  Roach x2  
  97  5:29  Roach  
  97  5:31  Roach  
  101  5:37  Queen  
  101  5:42  Roach  
  105  5:45  Nydus Canal  
  105  5:49  Overlord x2  
  105  5:51  Overlord  
  105  5:55  Overlord  
  105  5:58  Overlord  
  105  6:03  Spore Crawler  
  104  6:04  Spore Crawler  
  104  6:07  Nydus Canal  
  104  6:10  Roach x3  
  107  6:12  Roach  
  107  6:16  Roach x2  
  113  6:24  Roach  
  113  6:25  Roach x2  
  111  6:26  Roach  
  111  6:29  Roach  
  111  6:32  Spore Crawler  
  95  6:36  Nydus Canal  
  95  6:39  Roach  
  80  6:47  Roach x2  
  80  6:52  Spore Crawler  
  81  6:54  Spore Crawler  
  81  6:56  Spore Crawler  
  67  7:02  Roach x2  
  67  7:06  Spore Crawler, Roach  
  69  7:09  Roach  
  67  7:20  Spore Crawler  
  47  7:41  Spore Crawler  

Tags
 
Add a new tag
Caveats
  • Supply blocks, unpowered buildings, or Contaminate may cause inaccurate times.
  • Supply counts are checked every 10 seconds.